AoeStats
← wow_oh_03

Arabia

508994115Analyzed
2v2 RM · 8d ago on Sep 25, 2026· 80m 10s· 4 players
Game mode
Random Map
Map size
Medium (4 player)
Population
200
Speed
Normal
Resources
Standard
Victory
Conquest
Starting age
Dark Age
Ending age
Imperial Age
RankedLock teamsTeams togetherTeam positionsShared explorationLock speedFull tech treeHidden civsTurbo modeCheats
Victory
Defeat
🇦🇷 Cumans · Argentina
1025
+14
🇹🇼 Danes · Taiwan
986
+15
🇨🇴 Cumans · Colombia
974
-14
🇨🇴 Vietnamese · Colombia
974
-15
wow_oh_03
11:13 Feudal Age
10:45 Loom
11:44 Double-Bit Axe
13:34 Horse Collar
18:38 Wheelbarrow
21:02 Castle Age
20:08 Scale Mail Armor
21:30 Gold Mining
21:32 Stone Mining
21:55 Bow Saw
26:03 Wheelbarrow
26:04 Heavy Plow
27:19 Elite Skirmisher
31:10 Fletching
31:21 Padded Archer Armor
32:44 Bodkin Arrow
34:08 Town Watch
34:14 Town Watch
34:46 Hand Cart
39:43 Imperial Age
37:37 Squires
37:24 Gambesons
37:54 Forging
37:59 Chain Mail Armor
38:57 Ballistics
38:34 Murder Holes
41:55 Chemistry
41:45 Conscription
42:21 Leather Archer Armor
43:07 Bracer
43:37 Ring Archer Armor
46:14 Pikeman
46:15 Elite Varangian Guard
47:28 Plate Mail Armor
47:36 Iron Casting
48:58 Town Watch
48:37 Northmen's Fury
48:39 Hamask
48:40 Elite Jomsviking
50:27 Town Patrol
50:51 Siege Engineers
50:58 Masonry
52:48 Halberdier
54:11 Onager
56:24 Siege Onager
58:56 Blast Furnace
59:13 Caravan
67:20 Stone Shaft Mining
67:22 Gold Shaft Mining
fish
6:35 Loom
9:56 Feudal Age
10:52 Town Watch
12:09 Man-at-Arms
16:37 Fletching
22:12 Double-Bit Axe
26:02 Castle Age
25:54 Padded Archer Armor
26:22 Stone Mining
27:09 Horse Collar
30:43 Bow Saw
32:28 Leather Archer Armor
34:18 Bodkin Arrow
35:14 Heavy Plow
36:16 Thumb Ring
37:55 Ballistics
39:09 Bloodlines
39:50 Wheelbarrow
43:09 Imperial Age
41:44 Elite Skirmisher
42:39 Forging
42:34 Scale Barding Armor
46:24 Parthian Tactics
47:16 Iron Casting
46:59 Steppe Husbandry
49:40 Chemistry
50:57 Two-Man Saw
51:34 Crop Rotation
52:14 Light Cavalry
53:59 Blast Furnace
54:19 Ring Archer Armor
55:07 Gold Mining
55:56 Hand Cart
55:30 Hussar
57:43 Chain Barding Armor
59:55 Conscription
60:04 Conscription
65:24 Cuman Mercenaries
65:11 Cavalier
Shakita
6:35 Loom
9:31 Feudal Age
10:01 Double-Bit Axe
22:16 Castle Age
20:46 Gold Mining
21:21 Horse Collar
21:45 Fletching
21:57 Padded Archer Armor
24:00 Bloodlines
23:58 Bodkin Arrow
24:19 Leather Archer Armor
24:17 Bow Saw
24:44 Wheelbarrow
25:22 Thumb Ring
26:45 Ballistics
28:58 Heavy Plow
35:36 Imperial Age
34:29 Forging
34:24 Scale Barding Armor
36:58 Gold Shaft Mining
36:14 Stone Mining
37:22 Hand Cart
39:34 Town Watch
41:24 Two-Man Saw
41:25 Steppe Husbandry
43:04 Crossbowman
44:12 Conscription
45:18 Chain Barding Armor
45:34 Iron Casting
45:15 Cavalier
47:23 Plate Barding Armor
46:54 Paladin
51:24 Blast Furnace
54:27 Elite Skirmisher
58:52 Chemistry
62:06 Imperial Skirmisher
65:08 Ring Archer Armor
78:38 Light Cavalry
KilL3R
10:58 Feudal Age
9:36 Loom
14:39 Double-Bit Axe
14:42 Horse Collar
16:06 Padded Archer Armor
15:58 Fletching
18:03 Padded Archer Armor
20:36 Stone Mining
20:36 Gold Mining
20:43 Gold Mining
27:43 Castle Age
28:33 Wheelbarrow
28:08 Crossbowman
28:55 Thumb Ring
28:47 Bodkin Arrow
29:08 Leather Archer Armor
31:08 Ballistics
36:45 Imperial Age
34:44 Hand Cart
34:15 Town Watch
35:16 Bow Saw
35:07 Heavy Plow
36:58 Arbalester
37:40 Bracer
38:11 Ring Archer Armor
37:53 Elite Skirmisher
44:22 Chemistry
43:18 Murder Holes
43:29 Siege Engineers
49:49 Imperial Skirmisher
51:29 Paper Money
54:25 Bloodlines
54:20 Husbandry
55:54 Herbal Medicine
69:01 Elite Battle Elephant
76:22 Pikeman
77:04 Squires
79:52 Scale Mail Armor
80:02 Forging
79:23 Halberdier
Connection lost

Rejoining the realm…

Still unreachable

The connection could not be restored.

Session expired

The server has moved on; the page needs a fresh start.